 Dungeon Crawl Stone Soup version 0.30-a0-3-gc9032a9cac (webtiles) character file.

Game seed: 9549370602966674977

49 BritishOli the Trooper (level 3, -3/29 HPs)
             Began as a Demonspawn Fighter on Aug 20, 2022.
             Slain by a worm (9 damage)
             ... on level 3 of the Dungeon.
             The game lasted 00:00:53 (1180 turns).

BritishOli the Trooper (Demonspawn Fighter)         Turns: 1180, Time: 00:00:54

Health: -3/29      AC:  6    Str: 18    XL:     3   Next: 51%
Magic:  0/3        EV:  9    Int:  9    God:
Gold:   75         SH:  4    Dex: 12    Spells: 2/2 levels left

rFire   . . .      SeeInvis .    a - +0 long sword
rCold   . . .      Faith    .    c - +0 buckler
rNeg    . . .      Spirit   +    b - +0 scale mail
rPois   .          Reflect  .    (no helmet)
rElec   .          Harm     .    (no cloak)
rCorr   .          Rampage  .    (no gloves)
Will    .....                    (no boots)
Stlth   ..........               l - amulet of guardian spirit
HPRegen 0.09/turn                (no ring)
MPRegen 0.08/turn                (no ring)

@: no status effects
A: ignite blood 1
a: no special abilities


You were on level 3 of the Dungeon.
You visited 1 branch of the dungeon, and saw 3 of its levels.

You collected 75 gold pieces.

Inventory:

Hand Weapons
 a - a +0 long sword (weapon)
Armour
 b - a +0 scale mail (worn)
 c - a +0 buckler (worn)
Jewellery
 l - an amulet of guardian spirit (around neck)
Scrolls
 e - a scroll of amnesia {unknown}
 g - a scroll of fear {unknown}
 h - a scroll of brand weapon {unknown}
 i - a scroll of vulnerability {unknown}
 j - a scroll of poison {unknown}
 k - a scroll of blinking {unknown}
Potions
 d - 2 potions of might
 f - a potion of berserk rage {unknown}
 m - a potion of heal wounds {unknown}
 n - a potion of flight {unknown}


   Skills:
 + Level 3.4 Fighting
 + Level 2.3 Long Blades
 + Level 3.1 Armour
 + Level 3.1 Shields


You had 2 spell levels left.
You didn't know any spells.
Your spell library contained the following spells:

 Spells                   Type           Power      Damage    Failure   Level
 Confusing Touch          Hex            0%         N/A       99%         3
 Yara's Violent Unravell  Hex/Tmut       0%         3d3       100%        5
 Enfeeble                 Hex            0%         N/A       100%        7


Dungeon Overview and Level Annotations

Branches:
Dungeon (3/15)

Altars:


Innate Abilities, Weirdness & Mutations

Your demonic aura sometimes causes spilled blood to erupt in flames.


Message History

There are monsters nearby!
You are too injured to fight recklessly!
There are monsters nearby!
You are too injured to fight recklessly!
There are monsters nearby!
You are too injured to fight recklessly!
You miss the frilled lizard. The frilled lizard bites you.
You hit the frilled lizard but do no damage.
The frilled lizard bites you but does no damage.
The worm barely misses you.
You closely miss the frilled lizard. The frilled lizard barely misses you.
The worm bites you but does no damage. The frilled lizard bites you.
You closely miss the frilled lizard. The frilled lizard closely misses you.
The worm closely misses you.
You closely miss the frilled lizard.
The frilled lizard bites you but does no damage.
You closely miss the frilled lizard.
The frilled lizard bites you but does no damage.
The worm closely misses you. You block the frilled lizard's attack.
You closely miss the frilled lizard. The frilled lizard closely misses you.
The worm barely misses you.
You hit the frilled lizard.
The frilled lizard is heavily wounded.
The frilled lizard bites you but does no damage.
The worm bites you.
* * * LOW HITPOINT WARNING * * *
You hit the frilled lizard.
You kill the frilled lizard!
The worm bites you.
* * * LOW HITPOINT WARNING * * *
You see here a frilled lizard corpse.
The worm bites you but does no damage.
There is a shaft, spattered with blood here.
You completely miss the worm. The worm closely misses you.
You hit the worm.
The worm is moderately wounded.
You completely miss the worm.
The worm is moderately wounded.
The worm bites you!
You die...

#.###..###.#
#........#.#
+..........#
#..........#
#.........# #.........#
#.........###
#+#†@w?...# #.#.#####.#
#.....###.###
##########..........
...............#.##
#[......##.#...#.#
#.......####...#.###.#
...................#.##
..........###..#.#....


You could see a worm.

Vanquished Creatures
  2 adders (D:2)
  2 worms
  2 ball pythons (D:2)
  2 endoplasms (D:2)
  3 giant cockroaches
  3 goblins
  A hobgoblin (D:3)
  A kobold (D:1)
  4 bats
  4 frilled lizards
  2 rats
26 creatures vanquished.

Notes
Turn   | Place    | Note
-------+----------+-------------------------------------------
     0 | D:1      | BritishOli the Demonspawn Fighter began the quest for the
                  | Orb.
     0 | D:1      | Reached XP level 1. HP: 18/18 MP: 1/1
   103 | D:1      | You fall into a shaft and drop 1 floor!
   198 | D:2      | Gained mutation: Your demonic aura sometimes causes spilled
                  | blood to erupt in flames. [demonic ancestry]
   198 | D:2      | Reached XP level 2. HP: 24/24 MP: 2/2
   500 | D:2      | Reached XP level 3. HP: 26/29 MP: 3/3
  1180 | D:3      | Slain by a worm

Illustrated notes

Levels and vault maps discovered:
D:1:      ebering_hopf_link, layout_loops_ring, ebering_ecumenical_altar_mist
D:2:      layout_basic
D:3:      layout_basic

Skill      XL: |  1  2 |
---------------+-------+-----
Long Blades    | 2 |  2.3
Shields        | 3 |  3.1
Armour         | 3 |  3.1
Fighting       | |  3.4

Action                   || total
-------------------------++-------
Melee: Long sword        ||   116
Armor: Scale mail        ||    72
Dodge: Dodged            ||    60
Block: Buckler           ||    25

Table legend: (Time is in decaauts)
 A = Elapsed time spent in this place.
 B = Non-inter-level travel time spent in this place.
 C = Inter-level travel time spent in this place.
 D = Time resting spent in this place.
 E = Time spent auto-exploring this place.
 F = Levels seen in this place.
 G = Mean time per level.
                   A        B        C        D        E       F      G
               +--------+--------+--------+--------+--------+-----+--------+
         Total |   1217 |   1165 |     52 |      0 |    922 |   3 |  405.7 |
       Dungeon |   1217 |   1165 |     52 |      0 |    922 |   3 |  405.7 |
               +--------+--------+--------+--------+--------+-----+--------+

Top non-repeatable levels by time:
     D:2: 916 daAuts
     D:3: 192 daAuts
     D:1: 108 daAuts
